 Dungeon Crawl Stone Soup version 0.27.1-1-g398f81649c (webtiles) character file.

Game seed: 18146684916847688391

0 Elvor the Sneak (level 1, 0/14 HPs)
             Began as a Gargoyle Delver on Sept 15, 2021.
             Slain by an orc (3 damage)
             ... on level 3 of the Dungeon.
             The game lasted 00:01:26 (77 turns).

Elvor the Sneak (Gargoyle Delver)                     Turns: 77, Time: 00:01:27

Health: 0/14       AC:  5    Str: 15    XL:     1   Next: 10%
Magic:  1/1        EV: 11    Int: 10    God:
Gold:   0          SH:  0    Dex: 11    Spells: 0/0 levels left

rFire    . . .     SeeInvis .   a - +0 mace
rCold    . . .     Faith    .   (no shield)
rNeg     + . .     Spirit   .   b - +0 leather armour
rPois    ∞         Reflect  .   (no helmet)
rElec    +         Harm     .   (no cloak)
rCorr    .         Rampage  .   (no gloves)
Will     .....                  (no boots)
Stlth    +++.......             (no amulet)
HPRegen  0.04/turn              (no ring)
MPRegen  0.07/turn              (no ring)

@: hasted, very quick
A: sickness immunity, AC +2, negative energy resistance 1, electricity
resistance, torment resistance 1, petrification resistance
a: no special abilities


You were on level 3 of the Dungeon.
You visited 1 branch of the dungeon, and saw 3 of its levels.

Inventory:

Hand Weapons
 a - a +0 mace (weapon)
Armour
 b - a +0 leather armour (worn)
Wands
 g - a wand of digging (3)
 h - a wand of acid (9)
Scrolls
 c - a scroll of fog
 d - a scroll of magic mapping
 e - a scroll of fear


   Skills:
 + Level 3.2 Fighting
 + Level 2.0 Maces & Flails
 + Level 1.5 Dodging
 + Level 5.5 Stealth


You couldn't memorise any spells.
You didn't know any spells.
Your spell library was empty.

Dungeon Overview and Level Annotations

Branches:
Dungeon (5/15)
 Temple: D:4-7

Altars:

Shops:
D:5 (


Innate Abilities, Weirdness & Mutations

You are immune to sickness and miasma.
Your stone body is resilient. (AC +2)
You are immune to poison.
You resist negative energy. (rN+)
You are resistant to electric shocks. (rElec)
You are resistant to unholy torment.
You are immune to petrification.


Message History

Ouch! That really hurt!
Found 13 stones.
Found 8 gold pieces.
You feel yourself speed up. The scorpion barely misses you.
The scorpion stings you but does no damage.
Found a scroll labelled HITAMI UQ YCUIVE.
The hound barks!
Found 8 gold pieces.
Found a scroll labelled IDOZEO UV GOT.
The hound bites you but does no damage.
Found a stone staircase leading up.
The hound bites you.
* * * LOW HITPOINT WARNING * * *
A sky beast comes into view.
The hound pauses to sniff the ground.
A sky beast comes into view.
There is a stone staircase leading up here.
You climb upwards.
The kobold shouts!
The orc shouts!
You hear a shout! x2
Found a stone staircase leading up.
There is a stone staircase leading down here.
An orc comes into view. It is wielding a +0 dagger.
Found a helmet and 15 gold pieces.
A quokka comes into view.
A goblin comes into view. It is wielding a +0 club.
The goblin shouts!
You hit the kobold.
You kill the kobold!
You hear a shout!
The orc barely misses you.
There is a stone staircase leading up here.
Things that are here:
a +0 whip; a kobold corpse You climb upwards.
Found a bubbling silvery potion.
There is a stone staircase leading down here.
The orc barely misses you.
You closely miss the orc.
The orc jeers loudly.
The orc hits you with a +0 dagger.
You die...

#. #. ..
#.#.. #.##.#.
#..#.#.###
#.#.....#
#.... #.#
#..###@# #
#....o.#
...###..#####
..........#
.......>..#
##..!.....#
#..o.....#
##########


You could see an orc.

Vanquished Creatures
  A kobold (D:4)
1 creature vanquished.

Notes
Turn   | Place    | Note
-------+----------+-------------------------------------------
     0 | D:5      | Elvor the Gargoyle Delver began the quest for the Orb.
     0 | D:5      | Reached XP level 1. HP: 14/14 MP: 1/1
     0 | D:5      | Found Siuk's Antique Weapon Shop.
     4 | D:5      | Noticed a black bear
     7 | D:5      | Noticed a necrophage
    22 | D:5      | Noticed a scorpion
    26 | D:5      | Noticed a hound
    57 | D:5      | Noticed a sky beast
    60 | D:5      | Noticed a sky beast
    77 | D:3      | Slain by an orc

Illustrated notes

Levels and vault maps discovered:
D:3:      kennysheep_the_goblin_king, layout_basic
D:4:      layout_loops_ring, overflow_temple_1_default, serial_aquarium,
          aquarium_bridge_straight [aquarium_subvault_bridge,
          aquarium_subvault_wall, aquarium_subvault_bridge,
          aquarium_subvault_window], aquarium_bridge_straight
          [aquarium_subvault_bridge, aquarium_subvault_window,
          aquarium_subvault_bridge, aquarium_subvault_wall], aquarium_window_1,
          aquarium_window_fake, aquarium_window_3, aquarium_view_2d,
          aquarium_view_2a, aquarium_balcony_5b
D:5:      layout_cave_pools, temple_hall, serial_shops, nicolae_square_shop,
          grunt_ministairs_8

Action                   || total
-------------------------++-------
Melee: Mace              ||     2
  Use: Potion            ||     1
Armor: Leather armour    ||     2
Dodge: Dodged            ||     6
